Oilers vs Predators

Created - March 7 2012 at 18:53

Goals
1 2 3 T
Oilers 0 2 1 3
Predators 1 0 1 2
Shots
1 2 3 T
Oilers 12 19 12 43
Predators 6 4 6 16

Period #1

1. Predators , Brent Burns 8 (Nicklas Backstrom) at 13:59 (PP)

Penalties :
Steven Stamkos (NSH) for Roughing (Minor) at 0:11, Francis Bouillon (NSH) for Tripping (Minor) at 4:44, Zbynek Michalek (NSH) for Hooking (Minor) at 4:51, Chris Phillips (EDM) for Tripping (Minor) at 7:08, Chris Neil (NSH) for Tripping (Minor) at 9:49, Scott Hannan (EDM) for Cross-checking (Minor) at 13:57, Shea Weber (NSH) for Hooking (Minor) at 14:59

Period #2

2. Oilers , Roman Hamrlik 11 (Stephen Weiss) at 6:02 (PP)
3. Oilers , Stephen Weiss 36 (Dany Heatley) at 17:42

Penalties :
Shea Weber (NSH) for Tripping (Minor) at 2:40, Francis Bouillon (NSH) for Interference (Minor) at 5:50, Brent Burns (NSH) for Slashing (Minor) at 8:22, Max Pacioretty (NSH) for Hooking (Minor) at 12:20, Brent Burns (NSH) for Cross-checking (Minor) at 16:56, Adam Burish (EDM) for Hooking (Minor) at 16:56, Shea Weber (NSH) for Hooking (Minor) at 19:36

Period #3

4. Predators , Steven Stamkos 53 (Shea Weber) at 9:55 (PP)
5. Oilers , Karlis Skrastins 9 (Derek Roy, Andrew Ladd) at 15:29

Penalties :
Max Pacioretty (NSH) for Hooking (Minor) at 3:11, Scott Nichol (EDM) for Roughing (Minor) at 5:12, Michal Handzus (EDM) for Holding Stick (Minor) at 8:15, Shea Weber (NSH) for Roughing (Minor) at 12:06

Goalie Stats

Kari Lehtonen (EDM), 14 saves from 16 shots - (0.875), W, 27-25-7, 60:00 minutes
Pekka Rinne (NSH), 40 saves from 43 shots - (0.930), L, 32-18-4, 59:35 minutes

Players Stats

Oilers
Player Name              G  A  P  +/- PIM S  H  SB FO    MP 
------------------------------------------------------------
Adam Burish              0  0  0   1  2   0  2  0  1/1   15 
Alexandre Giroux         0  0  0   0  0   0  0  0  0/0   0  
Andrew Ladd              0  1  1   1  0   5  0  0  0/0   17 
Brent Sopel              0  0  0   0  0   1  1  0  0/0   12 
Chris Phillips           0  0  0   1  2   1  0  1  0/0   23 
Dany Heatley             0  1  1   1  0   9  4  0  2/3   18 
Derek Roy                0  1  1   1  0   3  0  0  16/31 20 
Jochen Hecht             0  0  0   0  0   2  2  0  1/1   18 
Karlis Skrastins         1  0  1   1  0   2  1  1  0/0   19 
Michal Handzus           0  0  0   0  2   1  3  0  8/13  15 
Mike Weaver              0  0  0   1  0   2  1  2  0/0   21 
Peter Regin              0  0  0   0  0   0  0  0  0/0   7  
Radek Dvorak             0  0  0   0  0   0  1  0  1/2   21 
Roman Hamrlik            1  0  1   1  0   5  1  2  0/0   24 
Scott Hannan             0  0  0   0  2   1  3  0  0/0   17 
Scott Nichol             0  0  0   0  2   1  1  0  3/7   7  
Stephen Weiss            1  1  2   1  0   10 0  0  16/31 21 
Steve Sullivan           0  0  0   0  0   0  0  0  0/1   17 
Predators
Player Name              G  A  P  +/- PIM S  H  SB FO    MP 
------------------------------------------------------------
Brandon Prust            0  0  0   0  0   0  0  1  0/0   8  
Braydon Coburn           0  0  0  -1  0   0  3  0  0/0   21 
Brent Burns              1  0  1  -1  4   1  1  3  0/0   23 
Chad LaRose              0  0  0   0  0   1  1  0  2/2   17 
Chris Neil               0  0  0   0  2   0  0  0  0/1   9  
Francis Bouillon         0  0  0   0  4   0  1  0  0/0   7  
Jeff Carter              0  0  0  -1  0   3  0  0  2/4   20 
Marian Gaborik           0  0  0  -1  0   2  0  0  1/1   14 
Max Pacioretty           0  0  0   0  4   1  0  0  0/0   9  
Mikhail Grabovski        0  0  0  -1  0   0  0  0  7/19  17 
Nicklas Backstrom        0  1  1  -1  0   0  0  0  7/10  15 
Patric Hornqvist         0  0  0   0  0   0  1  0  0/0   7  
Paul Gaustad             0  0  0   0  0   0  0  0  7/20  17 
Shea Weber               0  1  1  -1  8   0  5  1  0/0   22 
Steven Stamkos           1  0  1  -1  2   5  3  2  5/8   18 
T.J. Galiardi            0  0  0   0  0   0  0  0  11/25 10 
Tomas Kaberle            0  0  0  -1  0   1  0  2  0/0   21 
Zbynek Michalek          0  0  0   0  2   2  0  3  0/0   21 

3 Stars

1 - Stephen Weiss (EDM)
2 - Roman Hamrlik (EDM)
3 - Karlis Skrastins (EDM)

Power Play

Oilers - 1 on 12 Attempt(s) - 8.33%
Predators - 2 on 4 Attempt(s) - 50.00%

Penalty Kill

Oilers - 2 on 4 Attempt(s) - 50.00% - Score 0 goal in Penalty Kill
Predators - 11 on 12 Attempt(s) - 91.67% - Score 0 goal in Penalty Kill

Game Notes

No Game Note

Finance

Level 1 -- Attendance: 6500 (100.00%) -- Ticket Income $520,000.00
Level 2 -- Attendance: 4932 (98.64%) -- Ticket Income $256,464.00
Level 3 -- Attendance: 3376 (96.46%) -- Ticket Income $101,280.00
Level 4 -- Attendance: 1113 (100.00%) -- Ticket Income $22,260.00
Luxury Box -- Attendance: 1000 (100.00%) -- Ticket Income $135,000.00
Game was played at the Bridgestone Arena
Total Attendance: 16921 (98.88%)
Total Ticket Income: $1,048,945.00
Other Income: $214,884.00
Total Income: $1,263,829.00


Play by Play

Period #1

0:01 of 1st period - Nicklas Backstrom wins face-off versus Stephen Weiss in neutral zone.
0:08 of 1st period - Shot by Marian Gaborik.
0:08 of 1st period - Stopped by Kari Lehtonen without a rebound.
0:09 of 1st period - Derek Roy wins face-off versus Mikhail Grabovski in Oilers zone.
0:11 of 1st period - Minor Penalty to Steven Stamkos for Roughing.
0:12 of 1st period - Stephen Weiss wins face-off versus Paul Gaustad in Predators zone.
0:49 of 1st period - Shot by Dany Heatley.
0:49 of 1st period - Stopped by Pekka Rinne without a rebound.
0:50 of 1st period - Derek Roy wins face-off versus T.J. Galiardi in Predators zone.
0:59 of 1st period - Shot by Derek Roy.
0:59 of 1st period - Shot Blocked by Zbynek Michalek.
1:01 of 1st period - Shot by Mike Weaver.
1:01 of 1st period - Shot Blocked by Brent Burns.
1:03 of 1st period - Shot by Karlis Skrastins.
1:03 of 1st period - Stopped by Pekka Rinne without a rebound.
1:04 of 1st period - Chad LaRose wins face-off versus Derek Roy in Predators zone.
1:12 of 1st period - Icing by Andrew Ladd.
1:13 of 1st period - T.J. Galiardi wins face-off versus Derek Roy in Oilers zone.
2:28 of 1st period - Icing by Shea Weber.
2:29 of 1st period - Nicklas Backstrom wins face-off versus Michal Handzus in Predators zone.
2:44 of 1st period - Shot by Radek Dvorak.
2:44 of 1st period - Deflect By Michal Handzus.
2:44 of 1st period - Shot Misses the Net.
2:46 of 1st period - Shot by Scott Hannan.
2:46 of 1st period - Stopped by Pekka Rinne without a rebound.
2:47 of 1st period - Stephen Weiss wins face-off versus Mikhail Grabovski in Predators zone.
2:56 of 1st period - Shot by Stephen Weiss.
2:56 of 1st period - Stopped by Pekka Rinne without a rebound.
2:57 of 1st period - Steven Stamkos wins face-off versus Scott Nichol in Predators zone.
3:27 of 1st period - Shot by Scott Nichol.
3:27 of 1st period - Stopped by Pekka Rinne without a rebound.
3:28 of 1st period - Jochen Hecht wins face-off versus Chris Neil in Predators zone.
3:28 of 1st period - Jochen Hecht is hit by Shea Weber.
4:32 of 1st period - Shot by Jeff Carter.
4:32 of 1st period - Shot Misses the Net.
4:34 of 1st period - Shot by Jeff Carter.
4:34 of 1st period - Stopped by Kari Lehtonen without a rebound.
4:35 of 1st period - Derek Roy wins face-off versus Steven Stamkos in Oilers zone.
4:44 of 1st period - Minor Penalty to Francis Bouillon for Tripping.
4:45 of 1st period - Stephen Weiss wins face-off versus T.J. Galiardi in Predators zone.
4:51 of 1st period - Minor Penalty to Zbynek Michalek for Hooking.
4:52 of 1st period - T.J. Galiardi wins face-off versus Stephen Weiss in Predators zone.
5:15 of 1st period - Shot by Roman Hamrlik.
5:15 of 1st period - Stopped by Pekka Rinne without a rebound.
5:16 of 1st period - Paul Gaustad wins face-off versus Derek Roy in Predators zone.
5:49 of 1st period - Shot by Andrew Ladd.
5:49 of 1st period - Stopped by Pekka Rinne without a rebound.
5:50 of 1st period - T.J. Galiardi wins face-off versus Steve Sullivan in Predators zone.
5:50 of 1st period - T.J. Galiardi is hit by Dany Heatley.
6:14 of 1st period - Tomas Kaberle is hit by Dany Heatley and loses puck.
7:02 of 1st period - Peter Regin is hit by Chad LaRose and loses puck.
7:07 of 1st period - Shot by Steven Stamkos.
7:07 of 1st period - Shot Blocked by Chris Phillips.
7:08 of 1st period - Minor Penalty to Chris Phillips for Tripping.
7:09 of 1st period - Michal Handzus wins face-off versus Mikhail Grabovski in Oilers zone.
7:22 of 1st period - Icing by Steven Stamkos.
7:23 of 1st period - Michal Handzus wins face-off versus Mikhail Grabovski in Predators zone.
8:05 of 1st period - Icing by Shea Weber.
8:06 of 1st period - Michal Handzus wins face-off versus Mikhail Grabovski in Predators zone.
9:14 of 1st period - Zbynek Michalek is hit by Adam Burish and loses puck.
9:41 of 1st period - Shot by Peter Regin.
9:41 of 1st period - Shot Misses the Net.
9:49 of 1st period - Minor Penalty to Chris Neil for Tripping.
9:50 of 1st period - Derek Roy wins face-off versus T.J. Galiardi in Predators zone.
11:27 of 1st period - Shot by Andrew Ladd.
11:27 of 1st period - Stopped by Pekka Rinne without a rebound.
11:28 of 1st period - Stephen Weiss wins face-off versus T.J. Galiardi in Predators zone.
12:07 of 1st period - Shot by Tomas Kaberle.
12:07 of 1st period - Stopped by Kari Lehtonen without a rebound.
12:08 of 1st period - Derek Roy wins face-off versus Nicklas Backstrom in Oilers zone.
12:26 of 1st period - Shot by Marian Gaborik.
12:26 of 1st period - Stopped by Kari Lehtonen with a rebound.
12:45 of 1st period - Karlis Skrastins is hit by Patric Hornqvist and loses puck.
12:49 of 1st period - Icing by Mike Weaver.
12:50 of 1st period - Derek Roy wins face-off versus Steven Stamkos in Oilers zone.
13:48 of 1st period - Steven Stamkos is hit by Brent Sopel.
13:57 of 1st period - Minor Penalty to Scott Hannan for Cross-checking.
13:58 of 1st period - Nicklas Backstrom wins face-off versus Michal Handzus in Oilers zone.
13:59 of 1st period - Shot by Brent Burns.
13:59 of 1st period - Goal by Brent Burns - Oilers : 0 - Predators : 1.
14:00 of 1st period - Stephen Weiss wins face-off versus Paul Gaustad in neutral zone.
14:53 of 1st period - Chris Neil is hit by Jochen Hecht and loses puck.
14:59 of 1st period - Minor Penalty to Shea Weber for Hooking.
15:00 of 1st period - T.J. Galiardi wins face-off versus Stephen Weiss in Predators zone.
15:32 of 1st period - Stephen Weiss is hit by Braydon Coburn and loses puck.
16:26 of 1st period - Paul Gaustad is hit by Michal Handzus and loses puck.
17:23 of 1st period - Shot by Patric Hornqvist.
17:23 of 1st period - Shot Misses the Net.
17:51 of 1st period - Shot by Stephen Weiss.
17:51 of 1st period - Shot Misses the Net.
17:55 of 1st period - Shot by Dany Heatley.
17:55 of 1st period - Shot Blocked by Steven Stamkos.
17:57 of 1st period - Shot by Mike Weaver.
17:57 of 1st period - Stopped by Pekka Rinne with a rebound.
17:59 of 1st period - Shot by Stephen Weiss.
17:59 of 1st period - Stopped by Pekka Rinne with a rebound.
18:01 of 1st period - Shot by Stephen Weiss.
18:01 of 1st period - Stopped by Pekka Rinne without a rebound.
18:02 of 1st period - Michal Handzus wins face-off versus Mikhail Grabovski in Predators zone.
18:09 of 1st period - Shot by Jochen Hecht.
18:09 of 1st period - Stopped by Pekka Rinne without a rebound.
18:10 of 1st period - Adam Burish wins face-off versus Paul Gaustad in Predators zone.
18:43 of 1st period - Shot by Mikhail Grabovski.
18:43 of 1st period - Shot Misses the Net.
19:05 of 1st period - Shot by Steven Stamkos.
19:05 of 1st period - Stopped by Kari Lehtonen without a rebound.
19:06 of 1st period - Michal Handzus wins face-off versus Mikhail Grabovski in Oilers zone.
19:06 of 1st period - Michal Handzus is hit by Steven Stamkos.
19:14 of 1st period - Shot by Steven Stamkos.
19:14 of 1st period - Shot Misses the Net.
19:18 of 1st period - Shot by Jeff Carter.
19:18 of 1st period - Shot Misses the Net.

Period #2

0:01 of 2nd period - Nicklas Backstrom wins face-off versus Stephen Weiss in neutral zone.
0:52 of 2nd period - Off-side.
0:53 of 2nd period - Michal Handzus wins face-off versus Jeff Carter in neutral zone.
1:04 of 2nd period - Shot by Brent Sopel.
1:04 of 2nd period - Deflect By Michal Handzus.
1:04 of 2nd period - Stopped by Pekka Rinne without a rebound.
1:05 of 2nd period - Derek Roy wins face-off versus Steven Stamkos in Predators zone.
1:30 of 2nd period - Shot by Max Pacioretty.
1:30 of 2nd period - Shot Misses the Net.
1:32 of 2nd period - Shot by Zbynek Michalek.
1:32 of 2nd period - Stopped by Kari Lehtonen without a rebound.
1:33 of 2nd period - Mikhail Grabovski wins face-off versus Michal Handzus in Oilers zone.
1:33 of 2nd period - Steven Stamkos is hit by Scott Hannan and loses puck.
1:36 of 2nd period - Shot by Jeff Carter.
1:36 of 2nd period - Shot Misses the Net.
2:22 of 2nd period - Tomas Kaberle is hit by Michal Handzus.
2:27 of 2nd period - Shea Weber is hit by Scott Hannan and loses puck.
2:38 of 2nd period - Shea Weber is hit by Michal Handzus and loses puck.
2:40 of 2nd period - Minor Penalty to Shea Weber for Tripping.
2:41 of 2nd period - T.J. Galiardi wins face-off versus Stephen Weiss in Predators zone.
3:04 of 2nd period - Shot by Dany Heatley.
3:04 of 2nd period - Shot Misses the Net.
3:06 of 2nd period - Shot by Chris Phillips.
3:06 of 2nd period - Stopped by Pekka Rinne without a rebound.
3:07 of 2nd period - Derek Roy wins face-off versus Paul Gaustad in Predators zone.
3:14 of 2nd period - Shot by Mike Weaver.
3:14 of 2nd period - Stopped by Pekka Rinne without a rebound.
3:15 of 2nd period - Paul Gaustad wins face-off versus Derek Roy in Predators zone.
3:15 of 2nd period - Paul Gaustad is hit by Radek Dvorak.
3:24 of 2nd period - Icing by Andrew Ladd.
3:25 of 2nd period - Paul Gaustad wins face-off versus Derek Roy in Oilers zone.
3:48 of 2nd period - Shot by Andrew Ladd.
3:48 of 2nd period - Stopped by Pekka Rinne without a rebound.
3:49 of 2nd period - Stephen Weiss wins face-off versus Paul Gaustad in Predators zone.
3:56 of 2nd period - Shot by Dany Heatley.
3:56 of 2nd period - Shot Misses the Net.
4:11 of 2nd period - Icing by Stephen Weiss.
4:12 of 2nd period - Paul Gaustad wins face-off versus Stephen Weiss in Oilers zone.
5:50 of 2nd period - Minor Penalty to Francis Bouillon for Interference.
5:51 of 2nd period - Stephen Weiss wins face-off versus Paul Gaustad in Predators zone.
5:58 of 2nd period - Shot by Dany Heatley.
5:58 of 2nd period - Deflect By Stephen Weiss.
5:58 of 2nd period - Shot Misses the Net.
6:00 of 2nd period - Shot by Stephen Weiss.
6:00 of 2nd period - Stopped by Pekka Rinne without a rebound.
6:01 of 2nd period - Stephen Weiss wins face-off versus T.J. Galiardi in Predators zone.
6:02 of 2nd period - Shot by Roman Hamrlik.
6:02 of 2nd period - Goal by Roman Hamrlik - Oilers : 1 - Predators : 1.
6:03 of 2nd period - Scott Nichol wins face-off versus Mikhail Grabovski in neutral zone.
6:47 of 2nd period - Icing by Braydon Coburn.
6:48 of 2nd period - Mikhail Grabovski wins face-off versus Michal Handzus in Predators zone.
6:48 of 2nd period - Mikhail Grabovski is hit by Jochen Hecht.
7:28 of 2nd period - Radek Dvorak is hit by Braydon Coburn.
8:22 of 2nd period - Minor Penalty to Brent Burns for Slashing.
8:23 of 2nd period - Stephen Weiss wins face-off versus T.J. Galiardi in Predators zone.
8:24 of 2nd period - Shot by Dany Heatley.
8:24 of 2nd period - Shot Misses the Net.
8:42 of 2nd period - Shot by Roman Hamrlik.
8:42 of 2nd period - Stopped by Pekka Rinne without a rebound.
8:43 of 2nd period - Derek Roy wins face-off versus T.J. Galiardi in Predators zone.
8:48 of 2nd period - Shot by Andrew Ladd.
8:48 of 2nd period - Stopped by Pekka Rinne with a rebound.
8:50 of 2nd period - Shot by Mike Weaver.
8:50 of 2nd period - Shot Blocked by Shea Weber.
9:36 of 2nd period - Shot by Dany Heatley.
9:36 of 2nd period - Shot Misses the Net.
9:44 of 2nd period - Shot by Dany Heatley.
9:44 of 2nd period - Stopped by Pekka Rinne without a rebound.
9:45 of 2nd period - Dany Heatley wins face-off versus Paul Gaustad in Predators zone.
10:10 of 2nd period - Shot by Stephen Weiss.
10:10 of 2nd period - Stopped by Pekka Rinne without a rebound.
10:11 of 2nd period - Derek Roy wins face-off versus T.J. Galiardi in Predators zone.
10:28 of 2nd period - Shot by Jochen Hecht.
10:28 of 2nd period - Stopped by Pekka Rinne with a rebound.
10:50 of 2nd period - Shot by Radek Dvorak.
10:50 of 2nd period - Shot Blocked by Tomas Kaberle.
10:54 of 2nd period - Shot by Michal Handzus.
10:54 of 2nd period - Shot Blocked by Brandon Prust.
10:56 of 2nd period - Shot by Radek Dvorak.
10:56 of 2nd period - Shot Misses the Net.
11:10 of 2nd period - Shot by Derek Roy.
11:10 of 2nd period - Shot Blocked by Tomas Kaberle.
11:12 of 2nd period - Shot by Karlis Skrastins.
11:12 of 2nd period - Shot Misses the Net.
11:16 of 2nd period - Shot by Adam Burish.
11:16 of 2nd period - Shot Misses the Net.
12:20 of 2nd period - Minor Penalty to Max Pacioretty for Hooking.
12:21 of 2nd period - Stephen Weiss wins face-off versus T.J. Galiardi in Predators zone.
12:30 of 2nd period - Shot by Dany Heatley.
12:30 of 2nd period - Stopped by Pekka Rinne without a rebound.
12:31 of 2nd period - Radek Dvorak wins face-off versus T.J. Galiardi in Predators zone.
12:55 of 2nd period - Icing by Andrew Ladd.
12:56 of 2nd period - T.J. Galiardi wins face-off versus Derek Roy in Oilers zone.
13:27 of 2nd period - Shot by Dany Heatley.
13:27 of 2nd period - Stopped by Pekka Rinne with a rebound.
14:43 of 2nd period - Shot by Derek Roy.
14:43 of 2nd period - Stopped by Pekka Rinne without a rebound.
14:44 of 2nd period - Steven Stamkos wins face-off versus Stephen Weiss in Predators zone.
14:49 of 2nd period - Chris Phillips is hit by Francis Bouillon and loses puck.
14:56 of 2nd period - Shot by Stephen Weiss.
14:56 of 2nd period - Shot Blocked by Zbynek Michalek.
14:58 of 2nd period - Shot by Roman Hamrlik.
14:58 of 2nd period - Stopped by Pekka Rinne without a rebound.
14:59 of 2nd period - Mikhail Grabovski wins face-off versus Radek Dvorak in Predators zone.
15:05 of 2nd period - Off-side.
15:06 of 2nd period - Michal Handzus wins face-off versus Paul Gaustad in neutral zone.
15:26 of 2nd period - Icing by Scott Hannan.
15:27 of 2nd period - Mikhail Grabovski wins face-off versus Michal Handzus in Oilers zone.
15:34 of 2nd period - Shot by Steven Stamkos.
15:34 of 2nd period - Deflect By Jeff Carter.
15:34 of 2nd period - Stopped by Kari Lehtonen without a rebound.
15:35 of 2nd period - Steven Stamkos wins face-off versus Derek Roy in Oilers zone.
15:40 of 2nd period - Shot by Steven Stamkos.
15:40 of 2nd period - Shot Misses the Net.
15:46 of 2nd period - Shot by Steven Stamkos.
15:46 of 2nd period - Stopped by Kari Lehtonen without a rebound.
15:47 of 2nd period - Mikhail Grabovski wins face-off versus Stephen Weiss in Oilers zone.
15:52 of 2nd period - Shot by Steven Stamkos.
15:52 of 2nd period - Deflect By Mikhail Grabovski.
15:52 of 2nd period - Shot Misses the Net.
16:46 of 2nd period - Shot by Adam Burish.
16:46 of 2nd period - Shot Blocked by Steven Stamkos.
16:56 of 2nd period - Minor Penalty to Brent Burns for Cross-checking.
16:56 of 2nd period - Minor Penalty to Adam Burish for Hooking.
16:57 of 2nd period - Derek Roy wins face-off versus Nicklas Backstrom in Predators zone.
17:42 of 2nd period - Shot by Stephen Weiss.
17:42 of 2nd period - Goal by Stephen Weiss - Oilers : 2 - Predators : 1.
17:43 of 2nd period - Nicklas Backstrom wins face-off versus Stephen Weiss in neutral zone.
18:03 of 2nd period - Shot by Dany Heatley.
18:03 of 2nd period - Stopped by Pekka Rinne with a rebound.
18:17 of 2nd period - Icing by Chris Phillips.
18:18 of 2nd period - Jeff Carter wins face-off versus Stephen Weiss in Oilers zone.
18:18 of 2nd period - Steven Stamkos is hit by Roman Hamrlik and loses puck.
18:33 of 2nd period - Shot by Steven Stamkos.
18:33 of 2nd period - Shot Misses the Net.
18:35 of 2nd period - Shot by Shea Weber.
18:35 of 2nd period - Shot Misses the Net.
18:37 of 2nd period - Shot by Shea Weber.
18:37 of 2nd period - Shot Blocked by Roman Hamrlik.
18:41 of 2nd period - Shot by Steven Stamkos.
18:41 of 2nd period - Stopped by Kari Lehtonen without a rebound.
18:42 of 2nd period - Derek Roy wins face-off versus Paul Gaustad in Oilers zone.
19:14 of 2nd period - Shea Weber is hit by Scott Hannan and loses puck.
19:36 of 2nd period - Minor Penalty to Shea Weber for Hooking.
19:37 of 2nd period - T.J. Galiardi wins face-off versus Derek Roy in Predators zone.
19:49 of 2nd period - Shot by Karlis Skrastins.
19:49 of 2nd period - Shot Blocked by Zbynek Michalek.
19:51 of 2nd period - Shot by Derek Roy.
19:51 of 2nd period - Stopped by Pekka Rinne without a rebound.
19:52 of 2nd period - Stephen Weiss wins face-off versus T.J. Galiardi in Predators zone.
19:55 of 2nd period - Shot by Dany Heatley.
19:55 of 2nd period - Stopped by Pekka Rinne without a rebound.
19:56 of 2nd period - T.J. Galiardi wins face-off versus Derek Roy in Predators zone.

Period #3

0:01 of 3rd period - Stephen Weiss wins face-off versus Paul Gaustad in neutral zone.
0:13 of 3rd period - Icing by Chris Phillips.
0:14 of 3rd period - Stephen Weiss wins face-off versus T.J. Galiardi in Oilers zone.
0:38 of 3rd period - Shot by Stephen Weiss.
0:38 of 3rd period - Stopped by Pekka Rinne with a rebound.
1:18 of 3rd period - Icing by Derek Roy.
1:19 of 3rd period - Paul Gaustad wins face-off versus Derek Roy in Oilers zone.
1:20 of 3rd period - Shot by Jeff Carter.
1:20 of 3rd period - Shot Misses the Net.
1:22 of 3rd period - Shot by Zbynek Michalek.
1:22 of 3rd period - Stopped by Kari Lehtonen without a rebound.
1:23 of 3rd period - Paul Gaustad wins face-off versus Derek Roy in Oilers zone.
1:23 of 3rd period - Jeff Carter is hit by Mike Weaver and loses puck.
3:02 of 3rd period - Off-side.
3:03 of 3rd period - Steven Stamkos wins face-off versus Dany Heatley in neutral zone.
3:08 of 3rd period - Shot by Steven Stamkos.
3:08 of 3rd period - Deflect By Chad LaRose.
3:08 of 3rd period - Shot Blocked by Roman Hamrlik.
3:11 of 3rd period - Minor Penalty to Max Pacioretty for Hooking.
3:12 of 3rd period - Stephen Weiss wins face-off versus T.J. Galiardi in Predators zone.
3:19 of 3rd period - Shot by Dany Heatley.
3:19 of 3rd period - Stopped by Pekka Rinne without a rebound.
3:20 of 3rd period - Jeff Carter wins face-off versus Stephen Weiss in Predators zone.
4:07 of 3rd period - Icing by Andrew Ladd.
4:08 of 3rd period - T.J. Galiardi wins face-off versus Derek Roy in Oilers zone.
4:15 of 3rd period - Shot by T.J. Galiardi.
4:15 of 3rd period - Deflect By Chad LaRose.
4:15 of 3rd period - Shot Blocked by Karlis Skrastins.
4:17 of 3rd period - Shot by Chad LaRose.
4:17 of 3rd period - Stopped by Kari Lehtonen without a rebound.
4:18 of 3rd period - T.J. Galiardi wins face-off versus Derek Roy in Oilers zone.
4:38 of 3rd period - Derek Roy is hit by Shea Weber and loses puck.
4:52 of 3rd period - Andrew Ladd is hit by Brent Burns and loses puck.
5:10 of 3rd period - Shot by Roman Hamrlik.
5:10 of 3rd period - Stopped by Pekka Rinne without a rebound.
5:11 of 3rd period - Nicklas Backstrom wins face-off versus Scott Nichol in Predators zone.
5:11 of 3rd period - Nicklas Backstrom is hit by Scott Nichol.
5:12 of 3rd period - Minor Penalty to Scott Nichol for Roughing.
5:13 of 3rd period - Michal Handzus wins face-off versus Mikhail Grabovski in Oilers zone.
5:45 of 3rd period - Radek Dvorak is hit by Steven Stamkos and loses puck.
7:13 of 3rd period - Icing by Mike Weaver.
7:14 of 3rd period - Scott Nichol wins face-off versus Paul Gaustad in Oilers zone.
7:22 of 3rd period - Icing by Tomas Kaberle.
7:23 of 3rd period - Scott Nichol wins face-off versus Paul Gaustad in Predators zone.
7:23 of 3rd period - Peter Regin is hit by Shea Weber and loses puck.
7:31 of 3rd period - Icing by Chris Phillips.
7:32 of 3rd period - Chad LaRose wins face-off versus Scott Nichol in Oilers zone.
8:15 of 3rd period - Minor Penalty to Michal Handzus for Holding Stick.
8:16 of 3rd period - Nicklas Backstrom wins face-off versus Derek Roy in Oilers zone.
8:30 of 3rd period - Jeff Carter is hit by Adam Burish and loses puck.
9:17 of 3rd period - Mikhail Grabovski is hit by Karlis Skrastins and loses puck.
9:55 of 3rd period - Shot by Steven Stamkos.
9:55 of 3rd period - Goal by Steven Stamkos - Oilers : 2 - Predators : 2.
9:56 of 3rd period - Paul Gaustad wins face-off versus Stephen Weiss in neutral zone.
10:06 of 3rd period - Shot by Max Pacioretty.
10:06 of 3rd period - Stopped by Kari Lehtonen without a rebound.
10:07 of 3rd period - Marian Gaborik wins face-off versus Scott Nichol in Oilers zone.
11:37 of 3rd period - Jochen Hecht is hit by Shea Weber.
12:05 of 3rd period - Stephen Weiss is hit by Shea Weber and loses puck.
12:06 of 3rd period - Minor Penalty to Shea Weber for Roughing.
12:07 of 3rd period - Stephen Weiss wins face-off versus T.J. Galiardi in Predators zone.
12:22 of 3rd period - Shot by Roman Hamrlik.
12:22 of 3rd period - Shot Blocked by Brent Burns.
12:24 of 3rd period - Shot by Stephen Weiss.
12:24 of 3rd period - Stopped by Pekka Rinne without a rebound.
12:25 of 3rd period - Derek Roy wins face-off versus Nicklas Backstrom in Predators zone.
13:13 of 3rd period - Off-side.
13:14 of 3rd period - Stephen Weiss wins face-off versus Paul Gaustad in neutral zone.
13:29 of 3rd period - Shot by Stephen Weiss.
13:29 of 3rd period - Shot Misses the Net.
13:33 of 3rd period - Shot by Dany Heatley.
13:33 of 3rd period - Stopped by Pekka Rinne without a rebound.
13:34 of 3rd period - T.J. Galiardi wins face-off versus Stephen Weiss in Predators zone.
14:22 of 3rd period - Shot by Brent Sopel.
14:22 of 3rd period - Shot Misses the Net.
14:50 of 3rd period - Shot by Andrew Ladd.
14:50 of 3rd period - Stopped by Pekka Rinne without a rebound.
14:51 of 3rd period - Steven Stamkos wins face-off versus Derek Roy in Predators zone.
15:04 of 3rd period - Shot by Derek Roy.
15:04 of 3rd period - Stopped by Pekka Rinne without a rebound.
15:05 of 3rd period - Derek Roy wins face-off versus Jeff Carter in Predators zone.
15:07 of 3rd period - Andrew Ladd is hit by Braydon Coburn and loses puck.
15:18 of 3rd period - Shot by Jeff Carter.
15:18 of 3rd period - Stopped by Kari Lehtonen without a rebound.
15:19 of 3rd period - Derek Roy wins face-off versus Mikhail Grabovski in Oilers zone.
15:19 of 3rd period - Derek Roy is hit by Steven Stamkos.
15:27 of 3rd period - Shot by Andrew Ladd.
15:27 of 3rd period - Deflect By Derek Roy.
15:27 of 3rd period - Shot Misses the Net.
15:29 of 3rd period - Shot by Karlis Skrastins.
15:29 of 3rd period - Goal by Karlis Skrastins - Oilers : 3 - Predators : 2.
15:30 of 3rd period - Mikhail Grabovski wins face-off versus Stephen Weiss in neutral zone.
15:43 of 3rd period - Mikhail Grabovski is hit by Dany Heatley and loses puck.
15:54 of 3rd period - Shot by Steven Stamkos.
15:54 of 3rd period - Stopped by Kari Lehtonen with a rebound.
15:56 of 3rd period - Shot by Jeff Carter.
15:56 of 3rd period - Shot Misses the Net.
16:40 of 3rd period - Shot by Patric Hornqvist.
16:40 of 3rd period - Shot Misses the Net.
17:00 of 3rd period - Shot by Steven Stamkos.
17:00 of 3rd period - Shot Misses the Net.
17:02 of 3rd period - Shot by Steven Stamkos.
17:02 of 3rd period - Shot Misses the Net.
17:04 of 3rd period - Shot by Jeff Carter.
17:04 of 3rd period - Shot Misses the Net.
17:12 of 3rd period - Shot by Jeff Carter.
17:12 of 3rd period - Shot Misses the Net.
17:16 of 3rd period - Shot by Steven Stamkos.
17:16 of 3rd period - Shot Blocked by Mike Weaver.
17:18 of 3rd period - Shot by Jeff Carter.
17:18 of 3rd period - Shot Blocked by Mike Weaver.
18:05 of 3rd period - Shot by Radek Dvorak.
18:05 of 3rd period - Shot Misses the Net.
18:07 of 3rd period - Shot by Brent Sopel.
18:07 of 3rd period - Shot Misses the Net.
18:29 of 3rd period - Shot by Stephen Weiss.
18:29 of 3rd period - Stopped by Pekka Rinne with a rebound.
18:39 of 3rd period - Shot by Stephen Weiss.
18:39 of 3rd period - Stopped by Pekka Rinne without a rebound.
18:40 of 3rd period - Derek Roy wins face-off versus Mikhail Grabovski in Predators zone.
18:43 of 3rd period - Shot by Andrew Ladd.
18:43 of 3rd period - Shot Blocked by Brent Burns.
18:45 of 3rd period - Shot by Brent Sopel.
18:45 of 3rd period - Stopped by Pekka Rinne without a rebound.
18:46 of 3rd period - Mikhail Grabovski wins face-off versus Stephen Weiss in Predators zone.
19:09 of 3rd period - Shot by Dany Heatley.
19:09 of 3rd period - Stopped by Pekka Rinne without a rebound.
19:10 of 3rd period - Dany Heatley wins face-off versus Mikhail Grabovski in Predators zone.
19:35 of 3rd period - Predators, Pekka Rinne is pulled from the net.
19:45 of 3rd period - Nicklas Backstrom is hit by Dany Heatley.


Output by the SimonT Hockey Simulator (STHS) for Stephane Roy -- Original Page W3C XHTML 1.0 Valid